 Dungeon Crawl Stone Soup version 0.31-a0-188-g5e087ee2ca (webtiles) character file.

Game seed: 11685809487859374784

7222 qw the Markself (level 10, -1/59 HPs)
             Began as a Deep Elf Hunter on June 23, 2023.
             Was a Believer of Okawaru.
             Slain by a yak (5 damage)
             ... on level 9 of the Dungeon.
             The game lasted 00:03:19 (7814 turns).

qw the Markself (Deep Elf Hunter)                   Turns: 7814, Time: 00:03:19

Health: -1/59      AC: 14    Str: 12    XL:     10   Next: 87%
Magic:  14/15      EV: 17    Int: 15    God:    Okawaru [**....]
Gold:   436        SH:  0    Dex: 18    Spells: 9/9 levels left

rFire   . . .        Y - +2 arbalest (elec)
rCold   . . .        (shield currently unavailable)
rNeg    . . .        m - +0 ring mail
rPois   .            d - +0 helmet
rElec   .            o - +0 cloak
rCorr   .            r - +0 pair of gloves
SInv    .            i - +2 pair of boots
Will    ++...        (no amulet)
Stlth   +++          u - ring of willpower
HPRegen 0.29/turn    (no ring)
MPRegen 0.14/turn

%: no passive effects
@: about to teleport, heroic
A: no striking features
a: Renounce Religion, Heroism


You were on level 9 of the Dungeon.
You worshipped Okawaru.
Okawaru was pleased with you.
You visited 1 branch of the dungeon, and saw 9 of its levels.
You also visited: Sewer.

You collected 737 gold pieces.
You spent 301 gold pieces at shops.


   Skills:
 - Level 5.1(10.1) Fighting
 - Level 18.0(23.0) Ranged Weapons
 + Level 2.7(7.7) Armour
 - Level 7.1(12.1) Dodging
 - Level 1.2(6.2) Stealth
 - Level 4.0 Invocations


You had 9 spell levels left.
You didn't know any spells.
Your spell library was empty.

Inventory:

Hand Weapons
 Y - a +2 arbalest of electrocution (weapon)
Armour
 d - a +0 helmet (worn)
 i - a +2 pair of boots (worn)
 m - a +0 ring mail (worn)
 o - a +0 cloak (worn)
 r - a +0 pair of gloves (worn)
Jewellery
 j - a ring of fire
 l - a ring of ice
 p - a +4 ring of protection
 q - a ring of fire
 u - a ring of willpower (left hand)
 w - an amulet of magic regeneration
Scrolls
 e - a scroll of identify
 h - 3 scrolls of teleportation
Potions
 a - a potion of haste
 b - a potion of mutation
 c - 4 potions of cancellation
 f - 2 potions of resistance
 g - 5 potions of curing
 k - 2 potions of heal wounds
 n - 4 potions of might
 s - a potion of enlightenment
 t - a potion of attraction {unknown}
 v - a potion of magic {unknown}

Dungeon Overview and Level Annotations

Branches:
Dungeon (9/15)             Temple (0/1) D:7           Sewer (visited)
   Lair: D:8-11         Orc: D:9-12

Altars:
Elyvilon
Kikubaaqudgha
Makhleb
Okawaru
Ru
Uskayaw
Vehumet
Xom
Zin

Shops:
D:2 (   D:4 [   D:6 *


Message History

The yak gores you! The gnoll barely misses you.
A gnoll sergeant comes into view. It is wielding a +0 spear.
You shoot a bolt.
The bolt hits the yak but does no damage.
Lightning courses through the yak!!
The yak is almost dead.
The yak gores you. The gnoll closely misses you.
7808 ||| INVOKING Heroism.
You gain the combat prowess of a mighty hero.
The yak gores you. The yak gores you but does no damage.
A gnoll comes into view. It is wielding a +0 flail.
The gnoll closely misses you.
You shoot a bolt. The bolt hits the yak!!
You kill the yak!
Okawaru accepts your kill. The yak gores you! The gnoll closely misses you.
Your base Fighting skill increases to level 5!
You shoot a bolt. The bolt hits the yak!
The yak is severely wounded.
The yak gores you but does no damage. x2
You shoot a bolt. The bolt hits the yak!
The yak is almost dead.
A wyvern comes into view.
The yak barely misses you. The yak misses you.
You shoot a bolt. The bolt hits the yak!!
You kill the yak!
Okawaru accepts your kill. The yak misses you.
The yak gores you but does no damage.
You shoot a bolt. The gnoll shouts!
The bolt hits the yak but does no damage.
Lightning courses through the yak!
The yak is moderately wounded.
The yak gores you! The yak misses you. The yak barely misses you.
The gnoll sergeant hits you from afar with a +0 spear!
7814 ||| READING 4 scrolls of teleportation.
As you read the scroll of teleportation, it crumbles to dust.
You feel strangely unstable. The yak gores you. x2
You die...

#... #.#. #.
.#.#.###... ..
#..........# #.
#..........# #.
#....##..### #. #.#.#
##.# #. #.#.# #.#
#.####Y######.#.# #.#
.g.)glY@[.....#.# #.#
###.ggY)........####.#
.)..##....(..........#
### #################


You could see 3 yaks, a wyvern, a gnoll sergeant and 3 gnolls.

Vanquished Creatures
  A two-headed ogre (D:8)
  Maggie (D:8)
  A hornet (D:7)
  A slime creature (D:8)
  2 wyverns
  12 yaks
  Edmund (D:6)
  3 water moccasins
  2 black bears
  A sky beast (D:6)
  2 orc warriors
  4 ice beasts
  2 ogres
  2 centaurs (D:8)
  A phantom (D:5)
  A kobold brigand (D:7)
  A bullfrog (D:7)
  2 scorpions
  3 gnoll sergeants
  8 wights
  5 killer bees (D:8)
  2 howler monkeys
  5 hounds
  12 jellies
  4 orc priests
  2 iguanas
  A sleepcap (D:5)
  2 orc wizards
  13 gnolls
  A river rat (Sewer)
  6 adders
  A shadow imp (D:8)
  3 white imps
  3 worms
  A dart slug (D:1)
  29 orcs
  12 ball pythons
  3 bats
  25 endoplasms
  8 giant cockroaches
  8 hobgoblins
  5 jackals
  8 kobolds
  4 quokkas
  5 frilled lizards
  7 goblins
  10 rats
236 creatures vanquished.

Notes
Turn   | Place    | Note
-------+----------+-------------------------------------------
     0 | D:1      | qw the Deep Elf Hunter began the quest for the Orb.
     0 | D:1      | Reached XP level 1. HP: 12/12 MP: 3/3
     0 | D:1      | 0 ||| qw: Version: 0.3-a-9-g12657ce
     0 | D:1      | 0 ||| qw: Game counter: 3212
     0 | D:1      | 0 ||| qw: Always use a shield: true
     0 | D:1      | 0 ||| qw: God list: Okawaru
     0 | D:1      | 0 ||| qw: Allow faded altars: false
     0 | D:1      | 0 ||| qw: Do Orc after D:15 true
     0 | D:1      | 0 ||| qw: Do second Lair branch before Depths: true
     0 | D:1      | 0 ||| qw: Lair rune preference: random
     0 | D:1      | 0 ||| qw: Plans: Normal
     0 | D:1      | 0 ||| PLANNING D:1-11
     4 | D:1      | Noticed a spriggan
     6 | D:1      | Noticed an ogre
     6 | D:1      | Noticed a tengu
     8 | D:1      | Noticed a felid
     8 | D:1      | Noticed a draconian
    10 | D:1      | Noticed a minotaur
    10 | D:1      | Noticed a formicid
    12 | D:1      | Noticed an armataur
    14 | D:1      | Noticed an elf
    14 | D:1      | Noticed a vampire
    16 | D:1      | Noticed a demigod
    18 | D:1      | Noticed a ghoul
    18 | D:1      | Noticed a troll
    20 | D:1      | Noticed a human
    20 | D:1      | Noticed an octopode
    23 | D:1      | Noticed a merfolk
    23 | D:1      | Noticed a meteoran
    25 | D:1      | Noticed a demonspawn
    25 | D:1      | Noticed a naga
    27 | D:1      | Noticed a gargoyle
    27 | D:1      | Noticed a demigod
    29 | D:1      | Noticed a demigod
    29 | D:1      | Noticed a draconian
   136 | D:1      | Reached skill level 6 in Ranged Weapons
   136 | D:1      | Reached XP level 2. HP: 16/16 MP: 4/4
   181 | D:1      | 181 ||| UPGRADING to +0 helmet.
   693 | D:1      | 693 ||| READING 2 scrolls labelled EVAIZXANA.
   694 | D:1      | 694 ||| READING 3 scrolls labelled JIMUCAXOMA.
   695 | D:1      | 695 ||| READING 3 scrolls labelled PIZOL HUGO.
   698 | D:1      | 698 ||| READING scroll labelled UWNENI EPRI.
   699 | D:1      | 699 ||| READING scroll labelled RIOTZOENG.
   700 | D:1      | 700 ||| DROPPING scroll of vulnerability.
   701 | D:1      | 701 ||| DROPPING scroll of butterflies.
   702 | D:1      | 702 ||| DROPPING 2 scrolls of poison.
   820 | D:2      | Reached XP level 3. HP: 20/20 MP: 5/5
   857 | D:2      | Found a glowing silver altar of Zin.
  1002 | D:2      | Reached skill level 7 in Ranged Weapons
  1196 | D:2      | Found Pekeup's Weapon Shoppe.
  1205 | D:2      | 1205 ||| BUYING +0 arbalest (49 gold).
  1205 | D:2      | Bought a +0 arbalest for 49 gold pieces
  1205 | D:2      | 1205 ||| SWAPPING to +0 arbalest.
  1206 | D:2      | 1206 ||| DROPPING +1 shortbow.
  1258 | D:2      | Reached XP level 4. HP: 25/25 MP: 6/6
  1350 | D:2      | 1350 ||| READING 2 scrolls of identify.
  1350 | D:2      | 1350 ||| IDENTIFYING golden potion
  1390 | D:3      | Found a sacrificial altar of Ru.
  1475 | D:3      | Found a burning altar of Makhleb.
  1486 | D:3      | Found a radiant altar of Vehumet.
  1497 | D:3      | Found an ancient bone altar of Kikubaaqudgha.
  1648 | D:3      | 1648 ||| READING scroll of enchant weapon.
  1648 | D:3      | 1648 ||| ENCHANTING +0 arbalest.
  1833 | D:3      | Found a shimmering altar of Xom.
  1947 | D:3      | 1947 ||| UPGRADING to +0 ring mail.
  1957 | D:3      | 1957 ||| DROPPING +0 leather armour.
  1958 | D:3      | 1958 ||| UPGRADING to +0 pair of boots.
  1963 | D:3      | 1963 ||| UPGRADING to +0 pair of gloves.
  1968 | D:3      | 1968 ||| DROPPING +6 ring of intelligence.
  1969 | D:3      | 1969 ||| READING scroll labelled QIAPUO IQEUK.
  1970 | D:3      | 1970 ||| READING scroll labelled BOAMA WYKUE.
  2031 | D:4      | Found Zeef Vawi's Armour Shoppe.
  2040 | D:4      | 2040 ||| SHOPLISTING +4 ring mail (286 gold, have 87).
  2065 | D:4      | Reached skill level 8 in Ranged Weapons
  2095 | D:4      | Reached XP level 5. HP: 29/29 MP: 7/7
  2121 | D:4      | Reached skill level 1 in Armour
  2249 | D:4      | 2249 ||| READING scroll of enchant weapon.
  2249 | D:4      | 2249 ||| ENCHANTING +1 arbalest of freezing.
  2427 | D:4      | Reached skill level 9 in Ranged Weapons
  2428 | D:4      | Reached XP level 6. HP: 34/34 MP: 8/8
  2845 | D:4      | 2845 ||| READING scroll of brand weapon.
  2845 | D:4      | 2845 ||| BRANDING +2 arbalest of freezing.
  2897 | D:4      | Noticed an orc warrior
  2901 | D:4      | Killed an orc warrior
  2902 | D:4      | Reached skill level 10 in Ranged Weapons
  3119 | D:4      | 3119 ||| READING scroll labelled UTTOUS AZEORGHA.
  3120 | D:4      | 3120 ||| DRINKING 3 black potions.
  3136 | D:5      | Entered Level 5 of the Dungeon
  3137 | D:5      | 3137 ||| PLANNING SEWER
  3169 | D:5      | Noticed an ice beast
  3173 | D:5      | Killed an ice beast
  3174 | D:5      | Reached skill level 3 in Dodging
  3174 | D:5      | Reached XP level 7. HP: 37/40 MP: 9/9
  3177 | D:5      | HP: 7/40 [sleepcap (7)]
  3178 | D:5      | 3178 ||| READING 3 scrolls of teleportation.
  3350 | D:5      | Reached skill level 11 in Ranged Weapons
  3725 | D:5      | Reached skill level 12 in Ranged Weapons
  3725 | D:5      | Reached XP level 8. HP: 44/44 MP: 10/10
  3783 | D:5      | Found a glowing drain.
  3784 | D:5      | 3784 ||| READING scroll labelled MIEHYB GYLACW.
  3785 | D:5      | 3785 ||| READING scroll labelled HAERAAW HES ZAOPY.
  3786 | D:5      | 3786 ||| READING scroll labelled GONAZ XUCWANN.
  3787 | D:5      | 3787 ||| READING 5 scrolls of identify.
  3787 | D:5      | 3787 ||| IDENTIFYING grey potion
  3788 | D:5      | 3788 ||| READING 4 scrolls of identify.
  3788 | D:5      | 3788 ||| IDENTIFYING lumpy red potion
  3789 | D:5      | 3789 ||| READING 3 scrolls of identify.
  3789 | D:5      | 3789 ||| IDENTIFYING glowing cyan potion
  3790 | D:5      | 3790 ||| READING 2 scrolls of identify.
  3790 | D:5      | 3790 ||| IDENTIFYING green potion
  3795 | Sewer    | Entered a sewer
  3800 | Sewer    | 3800 ||| Stepping ~*~*~tactically~*~*~ (water).
  3802 | Sewer    | 3802 ||| Stepping ~*~*~tactically~*~*~ (water).
  3841 | Sewer    | 3841 ||| Stepping ~*~*~tactically~*~*~ (water).
  3866 | Sewer    | 3866 ||| Stepping ~*~*~tactically~*~*~ (water).
  3879 | Sewer    | 3879 ||| Stepping ~*~*~tactically~*~*~ (water).
  3935 | Sewer    | 3935 ||| Stepping ~*~*~tactically~*~*~ (water).
  3938 | Sewer    | 3938 ||| Stepping ~*~*~tactically~*~*~ (water).
  3941 | Sewer    | Reached skill level 3 in Fighting
  3943 | Sewer    | Found a viscous altar of Jiyva.
  3957 | Sewer    | 3957 ||| Stepping ~*~*~tactically~*~*~ (water).
  3986 | Sewer    | 3986 ||| Stepping ~*~*~tactically~*~*~ (water).
  3988 | Sewer    | 3988 ||| Stepping ~*~*~tactically~*~*~ (water).
  3990 | Sewer    | 3990 ||| Stepping ~*~*~tactically~*~*~ (water).
  3992 | Sewer    | 3992 ||| Stepping ~*~*~tactically~*~*~ (water).
  3994 | Sewer    | 3994 ||| Stepping ~*~*~tactically~*~*~ (water).
  3996 | Sewer    | 3996 ||| Stepping ~*~*~tactically~*~*~ (water).
  4008 | Sewer    | 4008 ||| READING 2 scrolls of identify.
  4008 | Sewer    | 4008 ||| IDENTIFYING fizzy inky potion
  4025 | D:5      | 4025 ||| PLANNING D:1-11
  4169 | D:5      | 4169 ||| Stepping randomly (stuck).
  4208 | D:6      | 4208 ||| Stepping ~*~*~tactically~*~*~ (outnumbered).
  4223 | D:6      | Reached skill level 13 in Ranged Weapons
  4477 | D:6      | Reached skill level 14 in Ranged Weapons
  4483 | D:6      | Reached XP level 9. HP: 26/50 MP: 11/11
  4638 | D:6      | Found a white marble altar of Elyvilon.
  4843 | D:6      | Found Seaski Biyt's Assorted Antiques.
  4861 | D:6      | 4861 ||| BUYING dented steel amulet (140 gold).
  4861 | D:6      | Bought a dented steel amulet for 140 gold pieces
  4861 | D:6      | 4861 ||| BUYING potion of might (112 gold).
  4861 | D:6      | Bought a potion of might for 112 gold pieces
  4976 | D:6      | Noticed Edmund
  4984 | D:6      | Killed Edmund
  4985 | D:6      | Reached skill level 15 in Ranged Weapons
  5146 | D:6      | 5146 ||| UPGRADING to +2 pair of boots.
  5156 | D:6      | 5156 ||| DROPPING +0 pair of boots.
  5157 | D:6      | 5157 ||| UPGRADING to amulet of guardian spirit.
  5162 | D:6      | 5162 ||| READING 2 scrolls of identify.
  5162 | D:6      | 5162 ||| IDENTIFYING amethyst potion
  5163 | D:6      | 5163 ||| DROPPING potion of berserk rage.
  5190 | D:7      | 5190 ||| STAIRDANCE
  5272 | D:7      | Found an iron altar of Okawaru.
  5274 | D:7      | 5274 ||| PLANNING OKAWARU WORSHIP
  5274 | D:7      | 5274 ||| UPGRADING to +0 cloak.
  5286 | D:7      | Became a worshipper of Warmaster Okawaru
  5287 | D:7      | 5287 ||| PLANNING D:1-11
  5287 | D:7      | 5287 ||| REMOVING amulet of guardian spirit.
  5477 | D:7      | 5477 ||| FLEEEEING.
  5535 | D:7      | 5535 ||| FLEEEEING.
  5536 | D:7      | 5536 ||| FLEEEEING.
  5537 | D:7      | 5537 ||| FLEEEEING.
  5538 | D:7      | 5538 ||| FLEEEEING.
  5539 | D:7      | 5539 ||| FLEEEEING.
  5540 | D:7      | 5540 ||| FLEEEEING.
  5541 | D:7      | 5541 ||| FLEEEEING.
  5542 | D:7      | 5542 ||| FLEEEEING.
  5780 | D:7      | Found a hide-covered altar of Uskayaw.
  6024 | D:7      | Paralysed by a hornet for 2 turns
  6029 | D:7      | HP: 8/52 [hornet (11)]
  6030 | D:7      | 6030 ||| READING 5 scrolls of teleportation.
  6031 | D:7      | 6031 ||| DRINKING 3 potions of heal wounds.
  6163 | D:7      | Found a staircase to the Ecumenical Temple.
  6239 | D:7      | Reached * piety under Okawaru
  6240 | D:7      | Reached skill level 16 in Ranged Weapons
  6328 | D:7      | 6328 ||| DROPPING amulet of guardian spirit.
  6329 | D:7      | 6329 ||| DRINKING 2 dark potions.
  6386 | D:8      | Reached skill level 1 in Invocations
  6392 | D:8      | Reached skill level 6 in Dodging
  6394 | D:8      | 6394 ||| INVOKING Heroism.
  6496 | D:8      | 6496 ||| INVOKING Heroism.
  6533 | D:8      | Noticed Maggie
  6538 | D:8      | Killed Maggie
  6539 | D:8      | Reached XP level 10. HP: 50/57 MP: 13/13
  6594 | D:8      | Noticed a two-headed ogre
  6595 | D:8      | 6595 ||| INVOKING Heroism.
  6598 | D:8      | Killed a two-headed ogre
  6599 | D:8      | Reached skill level 3 in Invocations
  6623 | D:8      | 6623 ||| INVOKING Heroism.
  6624 | D:8      | 6624 ||| INVOKING Heroism.
  6663 | D:8      | 6663 ||| FLEEEEING.
  6664 | D:8      | 6664 ||| FLEEEEING.
  6665 | D:8      | 6665 ||| FLEEEEING.
  6666 | D:8      | 6666 ||| FLEEEEING.
  6667 | D:8      | 6667 ||| FLEEEEING.
  6668 | D:8      | 6668 ||| FLEEEEING.
  6670 | D:8      | 6670 ||| FLEEEEING.
  6671 | D:8      | 6671 ||| FLEEEEING.
  6672 | D:8      | 6672 ||| FLEEEEING.
  6673 | D:8      | 6673 ||| FLEEEEING.
  6674 | D:8      | 6674 ||| FLEEEEING.
  6675 | D:8      | 6675 ||| FLEEEEING.
  6676 | D:8      | 6676 ||| FLEEEEING.
  6677 | D:8      | 6677 ||| FLEEEEING.
  6678 | D:8      | 6678 ||| FLEEEEING.
  6679 | D:8      | 6679 ||| FLEEEEING.
  6680 | D:8      | 6680 ||| FLEEEEING.
  6681 | D:8      | 6681 ||| FLEEEEING.
  6689 | D:8      | 6689 ||| FLEEEEING.
  6691 | D:8      | Reached skill level 17 in Ranged Weapons
  6859 | D:8      | Reached ** piety under Okawaru
  6865 | D:8      | 6865 ||| FLEEEEING.
  6866 | D:8      | 6866 ||| FLEEEEING.
  6867 | D:8      | 6867 ||| FLEEEEING.
  6868 | D:8      | 6868 ||| FLEEEEING.
  6869 | D:8      | 6869 ||| FLEEEEING.
  6870 | D:8      | 6870 ||| FLEEEEING.
  6871 | D:8      | 6871 ||| FLEEEEING.
  6872 | D:8      | 6872 ||| FLEEEEING.
  6873 | D:8      | 6873 ||| FLEEEEING.
  6875 | D:8      | 6875 ||| FLEEEEING.
  7276 | D:8      | 7276 ||| UPGRADING to ring of willpower.
  7277 | D:8      | 7277 ||| READING 2 scrolls of identify.
  7277 | D:8      | 7277 ||| IDENTIFYING fuming golden potion
  7278 | D:8      | 7278 ||| DROPPING potion of degeneration.
  7360 | D:9      | 7360 ||| STAIRDANCE
  7362 | D:8      | 7362 ||| INVOKING Heroism.
  7447 | D:9      | 7447 ||| STAIRDANCE
  7449 | D:8      | 7449 ||| INVOKING Heroism.
  7452 | D:8      | Reached skill level 18 in Ranged Weapons
  7524 | D:9      | 7524 ||| STAIRDANCE
  7526 | D:8      | 7526 ||| INVOKING Heroism.
  7633 | D:9      | 7633 ||| INVOKING Heroism.
  7808 | D:9      | 7808 ||| INVOKING Heroism.
  7813 | D:9      | HP: 10/59 [gnoll sergeant/+0 spear (8)]
  7814 | D:9      | 7814 ||| READING 4 scrolls of teleportation.
  7814 | D:9      | HP: 4/59 [yak (6)]
  7814 | D:9      | Slain by a yak

Levels and vault maps discovered:
D:1:      kb_arrival_jail, layout_loops_ring, minmay_pentomino_r4
D:2:      layout_loops_ring, serial_shops, nicolae_lakefront_shop, basic_altar
D:3:      layout_basic, general_overflow_altar,
          nicolae_overflow_quartered_altars, minmay_quantized
D:4:      minmay_polygon_palace, layout_basic, serial_shops,
          nicolae_shop_gibbet_a_chance, uniq_crazy_yiuf_cottage
D:5:      layout_rooms, portal_sewer_entry_e
D:6:      layout_basic, mainiacjoe_overflow_tiny_flanked, serial_shops, shop,
          uniq_edmund
D:7:      layout_gridville, nicolae_overflow_crystal_walls,
          eat_drink_and_be_merry_uskayaw, temple_hall, bh_walls_and_bars
D:8:      lemuel_slime, layout_basic, amcnicky_mini_corridor_feature,
          uniq_maggie
D:9:      layout_loops_ring, dk_rats_in_the_wall

Skill      XL: |  1  2  3  4  5  6  7  8  9 10 |
---------------+-------------------------------+-----
Ranged Weapons | 6 7 8 9 10 12 14 16 18 | 18.0
Armour         | 1 2 |  2.7
Fighting       | 2 3 4 5 |  5.1
Dodging        | 3 5 6 7 |  7.1
Invocations    | 1 4 |  4.0
Stealth        | |  1.2

Action                     |  1- 3 |  4- 6 |  7- 9 | 10-12 || total
---------------------------+-------+-------+-------+-------++-------
   Fire: Shortbow          |    95 |       |       |       ||    95
         Arbalest          |     3 |    98 |   243 |   118 ||   462
 Invoke: Heroism           |       |       |     2 |     7 ||     9
    Use: Scroll            |     5 |     7 |    11 |     2 ||    25
         Potion            |       |     1 |     2 |       ||     3
 Armour: Leather armour    |     3 |     2 |       |       ||     5
         Ring mail         |       |    10 |    53 |    19 ||    82
  Dodge: Dodged            |     9 |    21 |    90 |    49 ||   169

Table legend:
 A = Non-vault XP
 B = Vault XP
 C = Vault XP percentage of total XP
 D = Non-vault monster count
 E = Vault monster count
 F = Vault count percentage of total count
                 A         B        C        D         E       F
            +---------+---------+-------+---------+---------+-------
      Total |    8687 |    1631 |  15.8 |     165 |      71 |  30.1
            +---------+---------+-------+---------+---------+-------
        D:1 |      25 |       3 |  10.7 |      13 |       2 |  13.3
        D:2 |      70 |       0 |   0.0 |      25 |       0 |   0.0
        D:3 |      18 |      18 |  50.0 |       9 |       4 |  30.8
        D:4 |     307 |     229 |  42.7 |      22 |      14 |  38.9
        D:5 |     852 |       0 |   0.0 |      20 |       0 |   0.0
        D:6 |    1777 |     166 |   8.5 |      20 |       1 |   4.8
        D:7 |    1227 |       0 |   0.0 |      16 |       0 |   0.0
        D:8 |    3434 |     934 |  21.4 |      31 |      20 |  39.2
        D:9 |     977 |       0 |   0.0 |       9 |       0 |   0.0
      Sewer |       0 |     281 | 100.0 |       0 |      30 | 100.0
            +---------+---------+-------+---------+---------+-------
